 Dungeon Crawl Stone Soup version 0.20.2-3-g29329e0561 (webtiles) character file.

1822 Alfie the Cutter (level 8, -1/70 HPs)
             Began as a Minotaur Fighter on Jan 29, 2024.
             Slain by Alfie's ghost (4 damage)
             ... on level 7 of the Dungeon.
             The game lasted 00:11:35 (4359 turns).

Alfie the Cutter (Minotaur Fighter)                 Turns: 4359, Time: 00:11:37

Health: -1/70      AC:  9    Str: 23    XL:     8   Next: 85%
Magic:  16/16      EV: 10    Int:  5    God:
Gold:   325        SH: 11    Dex: 10    Spells: 7/7 levels left

rFire    . . .     SeeInvis .   a - +0 rapier
rCold    . . .     Gourm    .   c - +0 shield
rNeg     . . .     Faith    .   b - +0 scale mail
rPois    .         Spirit   .   (helmet restricted)
rElec    .         Reflect  .   (no cloak)
rCorr    .         Harm     .   (no gloves)
MR       .....                  k - +0 pair of boots
Stlth    ..........             (no amulet)
Regen    0.3/turn               i - ring of magical power
MPRegen  0.2/turn               (no ring)

@: no status effects
A: retaliatory headbutt, horns 2
a: no special abilities


You were on level 7 of the Dungeon.
You were not hungry.

You visited 1 branch of the dungeon, and saw 7 of its levels.

You collected 325 gold pieces.

Inventory:

Hand Weapons
 a - a +0 rapier (weapon)
Missiles
 l - 9 tomahawks (quivered)
Armour
 b - a +0 scale mail (worn)
 c - a +0 shield (worn)
 k - a +0 pair of boots (worn)
Magical Staves
 w - an uncursed staff of conjuration
Jewellery
 i - a ring of magical power (left hand)
 o - an uncursed ring of magical power
Wands
 y - a wand of paralysis (0/24)
Scrolls
 e - a scroll of magic mapping
 g - a scroll of blinking {unknown}
 j - 2 scrolls of fear
 m - 2 scrolls of fog {unknown}
 n - a scroll of remove curse
 q - 2 scrolls of amnesia {unknown}
 s - a scroll of random uselessness {unknown}
 t - a scroll of enchant armour {unknown}
 x - 2 scrolls of teleportation {unknown}
Potions
 p - 2 potions of curing
 r - a potion of haste
 u - a potion of might
 v - a potion of agility {unknown}
 z - 2 potions of degeneration {unknown}
Books
 h - a book of Changes

   Spells                             Type                      Level
   a - Beastly Appendage              Transmutation                1
   b - Sticks to Snakes               Transmutation                2
   c - Spider Form                    Transmutation/Poison         3
   d - Ice Form                       Ice/Transmutation            4
   e - Blade Hands                    Transmutation                5
Comestibles
 d - a meat ration
 f - 4 bread rations


   Skills:
 + Level 6.2 Fighting
 + Level 7.2 Short Blades
 + Level 1.7 Throwing
 + Level 7.2 Armour
 + Level 3.7 Dodging
 + Level 0.8 Stealth
 + Level 7.2 Shields


You had 7 spell levels left.
You didn't know any spells.

Dungeon Overview and Level Annotations

Branches:
Dungeon (7/15)
 Temple: D:4-7

Altars:
Ashenzari
Elyvilon
Fedhas
Sif Muna
Trog
Yredelemnul

Shops:
D:6 :

Annotations:
D:7 Alfie's ghost, novice HOFi; Prince Ribbit


Innate Abilities, Weirdness & Mutations

You reflexively headbutt those who attack you in melee.
You have a pair of horns on your head.


Message History

Prince Ribbit hits you. The hornet zombie hits you!
* * * LOW HITPOINT WARNING * * *
Prince Ribbit hits you!
* * * LOW HITPOINT WARNING * * *
The hornet zombie hits you!
* * * LOW HITPOINT WARNING * * *
You puncture the hornet zombie!
You destroy the hornet zombie!
Prince Ribbit barely misses you.
You hit Alfie's ghost.
Alfie's ghost is lightly damaged.
Prince Ribbit blinks!
Alfie's ghost completely misses you. You furiously retaliate!
You headbutt Alfie's ghost! You hit Alfie's ghost but do no damage.
Your headbutt misses Alfie's ghost.
Alfie's ghost is lightly damaged.
The black bear bites you but does no damage.
The black bear claws you.
* * * LOW HITPOINT WARNING * * *
You block the black bear's attack. Alfie's ghost hits you.
You die...

#.....F.#
#.#####F#
#.#######
#.......#
#.#####.#
#.#### #....#
#.##h##.#
#.W@....#
.......###.####
.#####. .# #.
.# .. .# #. ##
#. ..


You could see a black bear and Alfie's ghost.

Vanquished Creatures
  Pikel (D:6)
  The ghost of Alfie the Shield-Bearer, an amateur HOFi (D:4)
  An ice beast (D:5)
  An ogre (D:6)
  An orc warrior (D:6)
  A hornet zombie (D:7)
  A centaur (D:5)
  2 scorpions
  The ghost of Alfie the Skirmisher, a weakling MiFi (D:3)
  A crimson imp (D:5)
  3 hounds
  An orc priest (D:5)
  4 orc wizards
  2 worker ants (D:4)
  A hound skeleton (D:4)
  10 adders
  An adder skeleton (D:4)
  2 worms
  A dart slug (D:2)
  3 leopard geckos
  30 orcs
  A ball python (D:3)
  6 giant cockroaches
  6 goblins
  6 hobgoblins
  6 jackals (D:2)
  8 kobolds
  2 quokkas
  10 bats
  8 frilled lizards
  2 quokka skeletons
  12 rats
  A spectral orc (D:2)
137 creatures vanquished.

Vanquished Creatures (others)
  A crimson imp (D:6)
  2 orc wizards (D:6)
  2 orcs (D:6)
5 creatures vanquished.

Grand Total: 142 creatures vanquished

Notes
Turn   | Place    | Note
-------+----------+-------------------------------------------
     0 | D:1      | Alfie the Minotaur Fighter began the quest for the Orb.
     0 | D:1      | Reached XP level 1. HP: 19/19 MP: 0/0
   180 | D:1      | Reached XP level 2. HP: 27/27 MP: 1/1
   658 | D:1      | Reached XP level 3. HP: 32/33 MP: 2/2
   989 | D:2      | Found a white marble altar of Elyvilon.
  1043 | D:2      | Found a shattered altar of Ashenzari.
  1225 | D:2      | Reached XP level 4. HP: 38/41 MP: 3/3
  1567 | D:2      | Found a basalt altar of Yredelemnul.
  1862 | D:3      | Found a blossoming altar of Fedhas.
  2139 | D:3      | Noticed Alfie's ghost (weakling MiFi)
  2150 | D:3      | Killed Alfie's ghost
  2150 | D:3      | Reached skill level 1 in Dodging
  2150 | D:3      | Reached XP level 5. HP: 44/47 MP: 4/4
  2606 | D:4      | Reached XP level 6. HP: 43/53 MP: 5/5
  2738 | D:4      | Reached skill level 5 in Fighting
  2738 | D:4      | Reached skill level 5 in Armour
  2765 | D:4      | Reached skill level 5 in Shields
  3141 | D:4      | Noticed Alfie's ghost (amateur HOFi)
  3160 | D:4      | Killed Alfie's ghost
  3160 | D:4      | Reached skill level 5 in Short Blades
  3160 | D:4      | Reached XP level 7. HP: 39/61 MP: 6/6
  3244 | D:5      | Entered Level 5 of the Dungeon
  3420 | D:5      | Found a deep blue altar of Sif Muna.
  3817 | D:5      | Reached XP level 8. HP: 69/69 MP: 7/7
  3988 | D:6      | Found Hepunaojidgh's Book Emporium.
  4043 | D:6      | Noticed Pikel
  4061 | D:6      | Paralysed by Pikel for 6 turns
  4079 | D:6      | Paralysed by Pikel for 6 turns
  4087 | D:6      | Killed Pikel
  4087 | D:6      | Reached skill level 1 in Throwing
  4144 | D:6      | Noticed a moth of wrath
  4147 | D:6      | Found a bloodstained altar of Trog.
  4309 | D:6      | You fall through a shaft!
  4331 | D:7      | Noticed Alfie's ghost (novice HOFi)
  4332 | D:7      | Noticed Prince Ribbit
  4359 | D:7      | HP: 3/70 [black bear (1)]
  4359 | D:7      | Slain by Alfie's ghost

Skill      XL: |  1  2  3  4  5  6  7  8 |
---------------+-------------------------+-----
Fighting       | 4 5 6 |  6.2
Shields        | 4 5 7 |  7.2
Armour         | 4 5 7 |  7.2
Short Blades   | 4 5 6 7 |  7.2
Dodging        | 1 2 3 |  3.7
Throwing       | 1 |  1.7
Stealth        | |  0.8

Action                   |  1- 3 |  4- 6 |  7- 9 || total
-------------------------+-------+-------+-------++-------
Melee: Rapier            |   104 |   181 |   178 ||   463
       Headbutt          |    11 |    32 |    35 ||    78
Throw: Tomahawk          |       |       |    10 ||    10
  Use: Potion            |       |     1 |     1 ||     2
       Scroll            |       |       |     5 ||     5
  Eat: Royal jelly       |     1 |     1 |     1 ||     3
       Bread ration      |       |     1 |     1 ||     2
Armor: Scale mail        |    54 |    70 |    60 ||   184
Dodge: Dodged            |    31 |    46 |    58 ||   135
Block: Shield            |    49 |    71 |    78 ||   198
